 Dungeon Sprint DCSS version 0.20.1-1-g8b1a95d (webtiles) character file.

441 potatolord6000 the Skirmisher (level 6, -2/55 HPs)
             Began as a Demonspawn Fighter on Aug 28, 2017.
             Slain by a tyrant leech (19 damage)
             ... in the Dungeon (Sprint II: "The Violet Keep of Menkaure").
             The game lasted 00:02:25 (551 turns).

potatolord6000 the Skirmisher (Demonspawn Fighter)   Turns: 551, Time: 00:02:26

Health: -2/55      AC:  7    Str: 23    XL:     6   Next: 71%
Magic:  0/14       EV:  8    Int: 10    God:
Gold:   729        SH: 11    Dex: 14    Spells: 16/16 levels left

rFire    . . .     SeeInvis .   a - +0 long sword
rCold    . . .     Gourm    .   c - +0 shield
rNeg     . . .     Faith    .   b - +0 scale mail
rPois    .         Spirit   +   (no helmet)
rElec    .         Reflect  .   (no cloak)
rCorr    .         Harm     .   (no gloves)
MR       .....     NoTele   +   (no boots)
Stlth    +.........             (no amulet)
Regen    0.2/turn               (no ring)
MPRegen  0.2/turn               (no ring)

@: mighty, berserk cooldown, slowed, very slow
A: thin skeletal structure 1, powered by death 1, magic shield
a: no special abilities


You were in the Dungeon.
You were not hungry.

You visited 1 branch You collected 729 gold pieces.

Inventory:

Hand Weapons
 a - a +0 long sword (weapon)
Armour
 b - a +0 scale mail (worn)
 c - a +0 shield (worn)
Scrolls
 k - a scroll of blinking
Potions
 g - a potion of heal wounds
 i - 2 potions of magic
Comestibles
 f - a bread ration


   Skills:
 + Level 7.1 Fighting
 + Level 6.2 Long Blades
 + Level 6.5 Armour
 + Level 6.4 Shields
 + Level 5.6 Spellcasting


You had 16 spell levels left.
You didn't know any spells.

Dungeon Overview and Level Annotations

Branches:
Dungeon (1/1)

Altars:


Innate Abilities, Weirdness & Mutations

You have a somewhat thin skeletal structure. (Dex +2, Stealth)
You regenerate a little health from kills.
When hurt, damage is shared between your health and your magic reserves.


Message History

The tyrant leech is lightly wounded.
You block the tyrant leech's attack.
You slash the tyrant leech!
The tyrant leech is moderately wounded.
You slash the tyrant leech!
The tyrant leech is heavily wounded.
The tyrant leech bites you!
The tyrant leech draws strength from your injuries!
You hit the tyrant leech.
The tyrant leech is heavily wounded.
The tyrant leech bites you!!
The tyrant leech draws strength from your injuries!
You hit the tyrant leech.
The tyrant leech is moderately wounded.
You closely miss the tyrant leech.
The tyrant leech is moderately wounded.
You are no longer berserk.
You are exhausted.
You feel yourself slow down. The tyrant leech bites you!!
You die...

##+## ##.#.##
#..#..# #
#...#### ##.
##+## .##
#...##.###..#
#w@<.+.#
#$.w##.###..#
##. #+## .##
# #.#†####
#.##..#
###..## #+##


You could see 2 tyrant leeches.

Vanquished Creatures
  4 necrophages (D)
  4 worker ants (D)
  3 worms (D)
11 creatures vanquished.

Notes
Turn   | Place    | Note
-------+----------+-------------------------------------------
     0 | D        | potatolord6000 the Demonspawn Fighter began the quest for the Orb.
     0 | D        | Reached XP level 1. HP: 18/18 MP: 1/1
     1 | D        | Noticed a necrophage
     1 | D        | Noticed a necrophage
     1 | D        | Noticed a necrophage
     1 | D        | Noticed a necrophage
    13 | D        | Killed a necrophage
    13 | D        | Reached skill level 4 in Fighting
    13 | D        | Gained mutation: When hurt, damage is shared between your health and your magic reserves. [demonic ancestry]
    13 | D        | Reached XP level 2. HP: 21/26 MP: 1/6
    13 | D        | Gained mutation: You have a somewhat thin skeletal structure. (Dex +2, Stealth) [demonic ancestry]
    13 | D        | Reached XP level 3. HP: 26/32 MP: 1/7
    13 | D        | Reached XP level 4. HP: 30/38 MP: 1/8
    29 | D        | Killed a necrophage
    29 | D        | Reached skill level 5 in Fighting
    29 | D        | Reached skill level 5 in Armour
    29 | D        | Reached skill level 5 in Shields
    29 | D        | Gained mutation: You regenerate a little health from kills. [demonic ancestry]
    29 | D        | Reached XP level 5. HP: 23/43 MP: 2/11
    41 | D        | Killed a necrophage
    41 | D        | Reached skill level 6 in Fighting
    41 | D        | Reached skill level 5 in Long Blades
    52 | D        | Killed a necrophage
    52 | D        | Reached skill level 5 in Spellcasting
    52 | D        | Reached XP level 6. HP: 17/51 MP: 3/13
   274 | D        | Reached skill level 7 in Fighting
   508 | D        | Noticed a tyrant leech
   508 | D        | Noticed a tyrant leech
   551 | D        | Slain by a tyrant leech

Skill      XL: |  1  2  3  4  5  6 |
---------------+-------------------+-----
Fighting       | 4 5 6 7 |  7.1
Long Blades    | 3 4 5 6 |  6.2
Armour         | 4 5 6 |  6.5
Shields        | 4 5 6 |  6.4
Spellcasting   | 3 4 5 |  5.6

Action                   |  1- 3 |  4- 6 || total
-------------------------+-------+-------++-------
Melee: Long sword        |    11 |    98 ||   109
  Use: Potion            |     1 |     3 ||     4
Armor: Scale mail        |     1 |    20 ||    21
Dodge: Dodged            |     2 |    23 ||    25
Block: Shield            |     4 |    35 ||    39
       Rpst.: Long sword |       |    12 ||    12
